 Dungeon Crawl Stone Soup version 0.29-a0-911-g88e6f02907 (webtiles) character file.

Game seed: 4949437567277858214

1866 pokeman the Thaumaturge (level 8, -6/44 HPs)
             Began as a Deep Elf Hedge Wizard on July 25, 2022.
             Was an Initiate of Vehumet.
             Mangled by a gnoll sergeant
             ... wielding a +0 spear
              (9 damage)
             ... on level 5 of the Dungeon.
             The game lasted 00:12:45 (6798 turns).

pokeman the Thaumaturge (Deep Elf Hedge Wizard)     Turns: 6798, Time: 00:12:46

Health: -6/44      AC:  4    Str:  7    XL:     8   Next: 90%
Magic:  24/24      EV: 12    Int: 22    God:    Vehumet [......]
Gold:   336        SH:  0    Dex: 14    Spells: 17/28 levels left

rFire   + + .      SeeInvis .   n - +7 mace of the Equator {venom, rF++ rCorr}
rCold   . . .      Faith    .   (no shield)
rNeg    . . .      Spirit   .   o - +0 leather armour
rPois   .          Reflect  .   c - +0 hat
rElec   .          Harm     .   B - +0 cloak
rCorr   +          Rampage  .   (no gloves)
Will    .....                   (no boots)
Stlth   ++........              e - amulet of regeneration
HPRegen 0.94/turn               C - ring of flight
MPRegen 0.19/turn               (no ring)

@: flying
A: no striking features
a: Renounce Religion


You were on level 5 of the Dungeon.
You worshipped Vehumet.
Vehumet was noncommittal.
You visited 2 branches of the dungeon, and saw 6 of its levels.
You also visited: Ossuary.

You collected 336 gold pieces.

Inventory:

Hand Weapons
 n - the +7 mace of the Equator (weapon) {venom, rF++ rCorr}
   (You found it on level 2 of the Dungeon)

   It poisons the flesh of those it strikes.
   rF:        It greatly protects you from fire.
   rCorr:     It protects you from acid and corrosion.
 A - a +4 quarterstaff of chaos
Armour
 c - a +0 hat (worn)
 o - a +0 leather armour (worn)
 B - a +0 cloak (worn)
Jewellery
 e - an amulet of regeneration (around neck)
 C - a ring of flight (left hand)
Wands
 p - a wand of roots (17)
 z - a wand of flame (27)
 D - a wand of quicksilver (8)
Scrolls
 a - 2 scrolls of blinking {unknown}
 b - 2 scrolls of torment {unknown}
 f - 2 scrolls of immolation {unknown}
 g - 12 scrolls of identify {unknown}
 l - 6 scrolls of teleportation {unknown}
 m - 3 scrolls of vulnerability {unknown}
 q - 2 scrolls of brand weapon {unknown}
 v - 2 scrolls of fog {unknown}
 x - a scroll of magic mapping {unknown}
 y - a scroll of amnesia {unknown}
Potions
 d - 2 potions of magic
 h - a potion of heal wounds {unknown}
 i - 8 potions of curing {unknown}
 j - 3 potions of might {unknown}
 k - a potion of lignification {unknown}
 r - a potion of haste {unknown}
 s - a potion of flight {unknown}
 t - 2 potions of mutation {unknown}
 u - 3 potions of degeneration {unknown}
 w - a potion of invisibility {unknown}


   Skills:
 + Level 2.0 Fighting
 - Level 3.0 Armour
 - Level 3.3 Dodging
 - Level 3.0 Stealth
 * Level 10.5 Spellcasting
 + Level 5.6 Conjurations
 - Level 1.1 Summonings
 - Level 1.1 Translocations
 + Level 3.4 Fire Magic
 - Level 1.0 Air Magic
 - Level 3.0 Poison Magic
 - Level 1.1 Evocations


You had 17 spell levels left.
You knew the following spells:

 Your Spells              Type           Power      Damage    Failure   Level
a - Magic Dart            Conj           100%       1d8       1%          1
b - Mephitic Cloud        Conj/Pois/Air  25%        N/A       7%          3
c - Call Imp              Summ           16%        N/A       9%          2
d - Blink                 Tloc           32%        N/A       9%          2
e - Conjure Flame         Conj/Fire      31%        6-21      4%          3

Your spell library contained the following spells:

 Spells                   Type           Power      Damage    Failure   Level
 Sting                    Tmut/Pois      72%        1d6       4%          1
 Poisonous Vapours        Pois/Air       40%        N/A       5%          2
 Slow                     Hex            44%        N/A       9%          1
 Olgreb's Toxic Radiance  Pois           24%        N/A       24%         4


Dungeon Overview and Level Annotations

Branches:
Dungeon (5/15)             Temple (1/1) D:5         Ossuary (visited)

Altars:
Ashenzari
Qazlal
Vehumet
Yredelemnul

Shops:
D:4 [   D:5 *

Annotations:
D:4 1 runed translucent door


Message History

The gnoll shouts!
You hear a shout!
A gnoll sergeant comes into view. It is wielding a +0 spear.
A gnoll comes into view. It is wielding a +0 spear.
The gnoll shouts!
A gnoll comes into view. It is wielding a +0 flail.
The gnoll shouts!
The gnoll barely misses you.
The gnoll shouts!
You sock the gnoll!
The gnoll is poisoned.
The gnoll is heavily wounded.
The gnoll sergeant hits you but does no damage.
You barely miss the gnoll.
The gnoll is almost dead.
The gnoll sergeant hits you from afar with a +0 spear.
The gnoll closely misses you.
You hit the gnoll.
You kill the gnoll!
Vehumet accepts your kill.
The gnoll sergeant hits you from afar with a +0 spear!
The gnoll sergeant hits you from afar with a +0 spear.
The gnoll sergeant hits you with a +0 spear.
You see here a +0 flail.
You barely miss the gnoll sergeant.
The gnoll sergeant hits you but does no damage.
The gnoll sergeant blocks your attack.
The gnoll sergeant hits you but does no damage.
The gnoll sergeant closely misses you. The gnoll sergeant blocks your attack.
The gnoll sergeant hits you with a +0 spear!
The gnoll sergeant blocks your attack.
The gnoll sergeant hits you with a +0 spear.
You hit the gnoll sergeant but do no damage.
The gnoll sergeant is poisoned.
The gnoll sergeant hits you with a +0 spear!
* * * LOW HITPOINT WARNING * * *
The gnoll sergeant hits you with a +0 spear!
* * * LOW HITPOINT WARNING * * *
The gnoll sergeant attacks as you move away!
The gnoll sergeant hits you with a +0 spear!
You die...

# ###....# #.# #
###..# #.# #####
#..# #.# ##..#
#..# #.# ##.##
#..# ### #...#####
#..# ........#
#..# ........#
#.## #.......# #@#
...#############g#
#########......#g#
....#..........#g#
###.#.###......#g#
......# #......#.#
.##.#####......#.#
........'......#.#
###.#####......#


You could see a gnoll sergeant (poisoned) and 3 gnolls.

Vanquished Creatures
  The ghost of osoart the Grave Robber, an amateur DsNe (D:4)
  Duvessa (D:5)
  A black bear (D:4)
  2 ogres (D:4)
  3 elf zombies (Ossuary)
  A phantom (D:5)
  A necrophage (D:5)
  A scorpion (D:5)
  Dowan (D:5)
  6 centaur zombies (Ossuary)
  A jelly (D:4)
  5 hounds
  3 human zombies (Ossuary)
  An orc priest (D:5)
  Crazy Yiuf (D:4)
  2 iguanas
  2 orc wizards (D:5)
  3 mummies (Ossuary)
  7 gnolls
  5 adders
  5 worms
  13 orcs
  5 bats
  3 endoplasms
  2 giant cockroaches
  7 goblins
  12 hobgoblins
  7 jackals
  5 quokkas
  5 ball pythons
  2 frilled lizards
  7 kobolds
  8 rats
129 creatures vanquished.

Vanquished Creatures (others)
  3 fungi (D:4)
3 creatures vanquished.

Grand Total: 132 creatures vanquished

Notes
Turn   | Place    | Note
-------+----------+-------------------------------------------
     0 | D:1      | pokeman the Deep Elf Hedge Wizard began the quest for the
                  | Orb.
     0 | D:1      | Reached XP level 1. HP: 10/10 MP: 7/7
   526 | D:1      | Reached XP level 2. HP: 16/16 MP: 6/9
  1103 | D:1      | Found a faded altar of an unknown god.
  1277 | D:1      | Reached skill level 5 in Spellcasting
  1628 | D:1      | Reached XP level 3. HP: 20/20 MP: 8/11
  1632 | D:1      | Learned a level 3 spell: Mephitic Cloud
  1638 | D:1      | Learned a level 2 spell: Call Imp
  1641 | D:1      | Learned a level 2 spell: Blink
  1645 | D:1      | Learned a level 3 spell: Conjure Flame
  2245 | D:2      | Identified the +7 mace of the Equator {venom, rF++ rCorr}
  2280 | D:2      | Reached skill level 1 in Fighting
  2366 | D:2      | Reached skill level 1 in Armour
  2561 | D:2      | Reached XP level 4. HP: 25/25 MP: 10/13
  3793 | D:4      | Found a sand-covered staircase.
  3825 | D:4      | Found Plog's Antique Armour Emporium.
  3925 | D:4      | Found a runed translucent door.
  3969 | D:4      | Noticed an ogre
  4015 | D:4      | Noticed a black bear
  4031 | D:4      | Killed a black bear
  4032 | D:4      | Reached skill level 6 in Spellcasting
  4032 | D:4      | Reached skill level 1 in Evocations
  4032 | D:4      | Reached XP level 5. HP: 28/29 MP: 11/15
  4062 | Ossuary  | Entered an ossuary
  4081 | Ossuary  | Reached XP level 6. HP: 29/34 MP: 4/17
  4083 | Ossuary  | Reached skill level 1 in Fire Magic
  4101 | Ossuary  | Reached skill level 7 in Spellcasting
  4101 | Ossuary  | Reached skill level 1 in Air Magic
  4248 | Ossuary  | Reached skill level 1 in Poison Magic
  4263 | Ossuary  | Reached XP level 7. HP: 32/38 MP: 8/20
  4395 | Ossuary  | Reached skill level 8 in Spellcasting
  4950 | D:4      | Reached XP level 8. HP: 44/44 MP: 14/22
  5023 | D:4      | Reached skill level 9 in Spellcasting
  5101 | D:4      | Found a runed translucent door.
  5110 | D:4      | Noticed osoart's ghost (amateur DsNe)
  5148 | D:4      | Killed osoart's ghost
  5790 | D:4      | Found a runed translucent door.
  5791 | D:4      | Noticed Crazy Yiuf
  5799 | D:4      | Killed Crazy Yiuf
  5829 | D:5      | Entered Level 5 of the Dungeon
  5870 | D:5      | Reached skill level 5 in Conjurations
  6123 | D:5      | Found a staircase to the Ecumenical Temple.
  6133 | Temple   | Entered the Ecumenical Temple
  6178 | Temple   | Became a worshipper of Vehumet
  6243 | D:5      | Reached skill level 10 in Spellcasting
  6280 | D:5      | Noticed Dowan
  6283 | D:5      | Noticed Duvessa
  6299 | D:5      | Killed Duvessa
  6301 | D:5      | Killed Dowan
  6378 | D:5      | Found Fucuona's Gadget Gallery.
  6798 | D:5      | Mangled by a gnoll sergeant

Illustrated notes

Levels and vault maps discovered:
D:1:      evilmike_arrival_plus, layout_loops_cross,
          shapermc_ecumenical_altar_ellora, chequers_serial_rivers_micro_e,
          kennysheep_pointless_box, minivault_4
D:2:      layout_loops_ring, kennysheep_generic_room_12
D:3:      layout_loops_cross
D:4:      layout_basic, serial_shops, nicolae_stop_n_shop_1,
          ebering_ghost_sewer_f, nicolae_ossuary_entry_false_entrances,
          st_stairs_9, dreamdust_gnoll_farm, uniq_crazy_yiuf_cottage
D:5:      layout_basic, minmay_temple_entry_junction, nicolae_sextant,
          nicolae_shop_gadgets, uniq_duvessa
Temple:   dpeg_five_rooms_temple

Skill      XL: |  1  2  3  4  5  6  7  8 |
---------------+-------------------------+-----
Spellcasting   | 5 6 7 8 10 | 10.5
Fighting       | 1 2 |  2.0
Armour         | 1 3 |  3.0
Conjurations   | 2 3 4 5 |  5.6
Stealth        | 3 |  3.0
Dodging        | 3 |  3.3
Evocations     | 1 |  1.1
Fire Magic     | 1 3 |  3.4
Air Magic      | 1 |  1.0
Poison Magic   | 1 2 3 |  3.0
Summonings     | |  1.1
Translocations | |  1.1

Action                   |  1- 3 |  4- 6 |  7- 9 || total
-------------------------+-------+-------+-------++-------
Melee: Dagger            |    26 |       |       ||    26
       Punch             |     2 |       |     1 ||     3
       Mace              |     6 |    24 |    90 ||   120
 Cast: Magic Dart        |    86 |    56 |   107 ||   249
       Mephitic Cloud    |     2 |     1 |     5 ||     8
       Conjure Flame     |       |     8 |     5 ||    13
       Call Imp          |       |       |     2 ||     2
 Stab: Sleeping          |       |     1 |     3 ||     4
Armor: Robe              |    10 |       |       ||    10
       Leather armour    |       |    14 |    23 ||    37
Dodge: Dodged            |    32 |    38 |    67 ||   137

Table legend: (Time is in decaauts)
 A = Elapsed time spent in this place.
 B = Non-inter-level travel time spent in this place.
 C = Inter-level travel time spent in this place.
 D = Time resting spent in this place.
 E = Time spent auto-exploring this place.
 F = Levels seen in this place.
 G = Mean time per level.
                   A        B        C        D        E       F      G
               +--------+--------+--------+--------+--------+-----+--------+
         Total |   6849 |   6702 |    147 |    110 |   5449 |   7 |  978.4 |
       Dungeon |   6304 |   6191 |    113 |      0 |   5203 |   5 | 1260.8 |
        Temple |     80 |     46 |     34 |      0 |     34 |   1 |   80.0 |
       Ossuary |    463 |    463 |      0 |    110 |    212 |   1 |  463.0 |
               +--------+--------+--------+--------+--------+-----+--------+

Top non-repeatable levels by time:
     D:1: 2028 daAuts
     D:4: 1621 daAuts
     D:2: 962 daAuts
     D:5: 905 daAuts
     D:3: 787 daAuts
 Ossuary: 463 daAuts
  Temple: 80 daAuts
